Map: Orbital Shipyard

Players

Soundwave

  • Race: Terran Terran

A.I. 1 (Very Hard) - Winner!

  • Race: Terran Terran

VOD

Have the link to the VOD?

Description

Time

  • Played on: Nov. 17, 2015, 6:13 a.m.
  • Length: 4:25
Show
View Real Time Build Order
Export as new Build Order

Soundwave Terran 

Build Orders:  

Get SALT Encoding   

  12  0:01  SCV  
  13  0:13  SCV  
  14  0:25  SCV  
  15  0:41  Supply Depot  
  15  1:10  Barracks  
  15  1:15  Command Center  
  16  1:40  SCV  
  16  1:56  Orbital Command  
  16  2:00  Marine  
  17  2:07  Refinery  
  17  2:18  Marine  
  17  2:22  SCV  
  19  2:28  Orbital Command  
  19  2:34  SCV  
  20  2:47  Barracks Tech Lab  
  20  2:49  Barracks  
  20  2:52  SCV  
  20  2:56  SCV  
  22  3:02  Refinery  
  22  3:04  SCV  
  23  3:08  SCV  
  23  3:09  Supply Depot  
  23  3:11  Supply Depot  
  24  3:15  Marine  
  24  3:16  SCV  
  26  3:21  SCV  
  27  3:29  SCV  
  27  3:33  SCV, Marine  
  30  3:41  SCV  
  31  3:44  Engineering Bay  
  31  3:45  SCV, Engineering Bay  
  31  3:48  Barracks Reactor  
  32  3:52  Barracks  
  32  4:06  SCV x2  
  32  4:17  Command Center  
Show
View Real Time Build Order
Export as new Build Order

A.I. 1 (Very Hard) Terran - Winner!

Build Orders:  

Get SALT Encoding   

  12  0:00  SCV  
  13  0:13  SCV  
  14  0:19  Supply Depot  
  14  0:25  SCV  
  15  0:29  Refinery  
  15  0:41  SCV  
  16  0:47  Barracks  
  16  0:53  SCV  
  17  1:05  SCV  
  18  1:17  SCV  
  19  1:34  Marine  
  19  1:35  Supply Depot  
  19  1:37  Factory, Orbital Command  
  20  1:49  Barracks  
  20  1:52  Marine  
  21  2:03  SCV  
  22  2:10  Barracks Tech Lab  
  22  2:15  SCV  
  23  2:19  Supply Depot  
  23  2:21  Hellion  
  25  2:28  Concussive Shells  
  25  2:29  Marauder  
  27  2:37  Barracks Tech Lab  
  27  2:42  Hellion  
  29  2:45  SCV  
  29  2:50  Marauder  
  32  2:56  Marauder  
  34  2:58  Supply Depot  
  34  3:04  Hellion  
  36  3:12  Marauder  
  38  3:20  Marauder  
  38  3:23  Supply Depot  
  38  3:25  Hellion  
  42  3:33  Marauder  
  44  3:37  SCV  
  45  3:41  Marauder  
  45  3:46  Refinery  
  47  3:54  Marine  
  48  3:58  Supply Depot  
  48  4:02  Marine  
  48  4:09  SCV  
  53  4:25  Supply Depot  
Tags
 
Matchup
TvT
Race
Terran
Replay Pack
First Pack
Add a new tag
Caveats
  • Supply blocks, unpowered buildings, or Contaminate may cause inaccurate times.
  • Supply counts are checked every 10 seconds.